AoeStats
← SimonTheAoENoob

Arena

507660640Analyzed
2v2 RM · 15d ago on Sep 19, 2026· 64m 35s· 4 players
Game mode
Random Map
Map size
Medium (4 player)
Population
200
Speed
Normal
Resources
Standard
Victory
Conquest
Starting age
Dark Age
Ending age
Imperial Age
RankedLock teamsTeams togetherTeam positionsShared explorationLock speedFull tech treeHidden civsTurbo modeCheats
Victory
Defeat
🇱🇹 Burgundians · Lithuania
1014
+15
🇧🇷 Georgians · Brazil
986
+16
🇨🇱 Khmer · Chile
999
-16
🇨🇱 Koreans · Chile
997
-15
TurboKiller
14:00 Feudal Age
15:25 Wheelbarrow
14:37 Double-Bit Axe
14:34 Horse Collar
18:48 Stone Mining
19:14 Gold Mining
21:26 Castle Age
19:50 Fletching
22:39 Bodkin Arrow
23:00 Hand Cart
22:56 Bow Saw
22:48 Heavy Plow
25:02 Ballistics
24:53 Fortified Wall
26:56 Gold Shaft Mining
32:10 Imperial Age
30:37 Pikeman
31:21 Scale Mail Armor
31:38 Forging
33:46 Iron Casting
33:37 Elite Fire Lancer
35:55 Chain Mail Armor
36:55 Siege Engineers
36:15 Elite War Wagon
38:36 Conscription
38:21 Bracer
38:53 Plate Mail Armor
39:59 Halberdier
44:27 Elite Skirmisher
45:54 Thumb Ring
49:30 Chemistry
48:41 Masonry
54:35 Two-Man Saw
54:17 Architecture
☣ExciDiuM☣
11:03 Feudal Age
18:24 Castle Age
18:39 Wheelbarrow
18:18 Horse Collar
18:26 Double-Bit Axe
19:31 Loom
19:57 Heavy Plow
20:14 Bow Saw
19:58 Stone Mining
29:48 Imperial Age
28:02 Fortified Wall
28:13 Ballistics
30:08 Bloodlines
30:08 Husbandry
30:57 Gold Mining
33:45 Scale Barding Armor
36:20 Chain Barding Armor
37:04 Chemistry
38:29 Pikeman
39:47 Plate Barding Armor
39:23 Forging
39:14 Scale Mail Armor
43:53 Double Crossbow
48:43 Elite Ballista Elephant
49:44 Conscription
52:30 Devotion
SimonTheAoENoob
10:52 Feudal Age
9:47 Double-Bit Axe
9:48 Horse Collar
18:17 Castle Age
16:40 Stone Mining
18:42 Loom
20:51 Wheelbarrow
23:56 Town Watch
24:54 Bow Saw
26:20 Pikeman
27:27 Heavy Plow
33:17 Imperial Age
31:13 Husbandry
33:02 Gold Mining
33:37 Hand Cart
34:33 Town Patrol
34:48 Scale Mail Armor
34:38 Man-at-Arms
35:19 Squires
35:16 Capped Ram
37:50 Crop Rotation
39:10 Two-Man Saw
39:00 Burgundian Vineyards
39:16 Conscription
40:35 Gold Shaft Mining
42:19 Forging
42:14 Scale Barding Armor
42:00 Fletching
42:11 Padded Archer Armor
42:51 Elite Skirmisher
46:16 Chemistry
45:04 Long Swordsman
47:08 Ballistics
46:31 Two-Handed Swordsman
48:05 Stone Shaft Mining
54:38 Cavalier
55:55 Light Cavalry
59:31 Halberdier
65:25 Iron Casting
65:10 Chain Barding Armor
Big Tiozao
10:14 Feudal Age
12:23 Loom
12:44 Loom
15:54 Castle Age
14:30 Double-Bit Axe
14:29 Horse Collar
15:20 Loom
19:52 Stone Mining
19:54 Gold Mining
20:17 Bow Saw
20:08 Heavy Plow
23:49 Wheelbarrow
24:02 Forging
29:04 Imperial Age
27:48 Hand Cart
27:19 Town Watch
28:53 Iron Casting
28:23 Scale Barding Armor
30:38 Conscription
32:17 Blast Furnace
31:37 Chain Barding Armor
31:49 Ballistics
31:26 Murder Holes
31:28 Fletching
33:25 Husbandry
33:35 Bloodlines
36:21 Chemistry
36:12 Crop Rotation
36:30 Elite Monaspa
38:40 Plate Barding Armor
39:00 Scale Mail Armor
39:50 Aznauri Cavalry
40:31 Treadmill Crane
41:03 Masonry
45:44 Caravan
47:19 Light Cavalry
48:26 Bodkin Arrow
48:31 Padded Archer Armor
48:48 Chain Mail Armor
47:56 Elite Skirmisher
49:20 Bracer
48:43 Hussar
51:34 Leather Archer Armor
52:12 Fervor
54:33 Onager
58:27 Architecture
60:15 Siege Onager
62:50 Guard Tower
62:47 Arrowslits
63:08 Siege Engineers
Connection lost

Rejoining the realm…

Still unreachable

The connection could not be restored.

Session expired

The server has moved on; the page needs a fresh start.